AoeStats
← Gabo

Marketplace

504043343Analyzed
1v1 RM · 28d ago on Sep 3, 2026· 51m 0s· 2 players
Game mode
Random Map
Map size
Tiny (2 player)
Population
200
Speed
Normal
Resources
Standard
Victory
Conquest
Starting age
Dark Age
Ending age
Imperial Age
RankedLock teamsTeams togetherTeam positionsShared explorationLock speedFull tech treeHidden civsTurbo modeCheats
Victory
Defeat
🇨🇱 Magyars · Chile
1046
+16
🇪🇪 Sicilians · Estonia
1045
-16
maxokol
7:34 Loom
10:19 Feudal Age
11:07 Town Watch
18:19 Castle Age
17:01 Horse Collar
18:19 Double-Bit Axe
19:41 Bloodlines
22:12 Scale Barding Armor
22:45 Forging
26:09 Iron Casting
28:57 Chain Barding Armor
32:30 Gold Mining
44:21 Imperial Age
43:03 Fletching
44:07 Bodkin Arrow
44:57 Masonry
44:28 Cavalier
45:46 Plate Barding Armor
45:37 Conscription
47:05 Blast Furnace
47:08 Hauberk
48:03 Wheelbarrow
47:56 Pikeman
49:12 Scale Mail Armor
49:00 Halberdier
49:42 Squires
50:41 Chain Mail Armor
50:53 Bracer
Gabo
7:30 Loom
9:57 Feudal Age
17:44 Castle Age
16:19 Double-Bit Axe
16:18 Horse Collar
20:06 Bow Saw
21:30 Scale Barding Armor
21:56 Bloodlines
21:51 Husbandry
30:46 Wheelbarrow
32:20 Town Watch
34:59 Chain Barding Armor
38:56 Fervor
38:16 Pikeman
43:23 Imperial Age
42:28 Fletching
43:34 Cavalier
46:56 Bodkin Arrow
47:21 Halberdier
48:33 Paladin
51:20 Chemistry
50:59 Plate Barding Armor
50:43 Arson
51:02 Scale Mail Armor
51:04 Bracer
Connection lost

Rejoining the realm…

Still unreachable

The connection could not be restored.

Session expired

The server has moved on; the page needs a fresh start.